 Dungeon Crawl Stone Soup version 0.32-a0-818-gb728d0252e (webtiles) character file.

Game seed: 7997444738474473330

725 MackTheKnife the Cleaver (level 7, -8/58 HPs)
             Began as a Mountain Dwarf Fighter on Mar 23, 2024.
             Was an Initiate of Gozag.
             Mangled by an ogre
             ... wielding a +0 giant club
              (26 damage)
             ... on level 5 of the Dungeon.
             The game lasted 00:04:21 (4095 turns).

MackTheKnife the Cleaver (Mountain Dwarf Fighter)   Turns: 4095, Time: 00:04:22

Health: -8/58      AC:  9    Str: 19    XL:     7   Next: 43%
Magic:  0/7        EV:  8    Int:  8    God:    Gozag
Gold:   527        SH:  4    Dex: 11    Spells: 6/6 levels left

rFire   . . .        a - +0 war axe {axe}
rCold   . . .        c - +0 buckler
rNeg    . . .        b - +0 scale mail
rPois   .            r - +0 helmet
rElec   .            (no cloak)
rCorr   .            (no gloves)
SInv    .            s - +0 pair of boots
Will    +....        l - amulet of guardian spirit Stlth
                     t - ring of wizardry
HPRegen 0.29/turn    w - ring of willpower
MPRegen 0.10/turn

%: guardian spirit, wizardry (x1)
@: no status effects
A: runic magic, artefact enchanting
a: Renounce Religion, Potion Petition, Call Merchant, Bribe Branch


You were on level 5 of the Dungeon.
You worshipped Gozag.
Gozag was pleased with you.
You visited 1 branch of the dungeon, and saw 5 of its levels.

You collected 584 gold pieces.
You paid 57 gold pieces to Gozag.


Innate Abilities, Weirdness & Mutations

Your spellcasting is much less encumbered by armour.
You can use scrolls of enchantment on lesser artefacts.


   Skills:
 + Level 3.8 Fighting
 - Level 10.0 Axes
 - Level 3.2 Armour
 - Level 3.2 Shields


You had 6 spell levels left.
You didn't know any spells.
Your spell library contained the following spells:

 Spells                   Type           Power      Damage    Failure   Level
 Apportation              Tloc           0%         N/A       26%         1
 Necrotise                Necr           0%         1d4       26%         1
 Sting                    Conj/Alch      0%         1d3       26%         1
 Summon Small Mammal      Summ           0%         N/A       26%         1
 Ensorcelled Hibernation  Hex/Ice        0%         N/A       38%         2
 Jinxbite                 Hex            0%         N/A       38%         2
 Fugue of the Fallen      Necr           0%         N/A       61%         3
 Passwall                 Erth           0%         N/A       61%         3
 Volatile Blastmotes      Fire/Tloc      0%         2d10      61%         3
 Anguish                  Hex/Necr       0%         N/A       93%         4
 Summon Forest            Summ/Tloc      0%         N/A       99%         5
 Yara's Violent Unravell  Hex/Alch       0%         3d3       99%         5
 Bombard                  Conj/Erth      0%         9d1       100%        6
 Eringya's Noxious Bog    Alch           0%         4d6       100%        6
 Enfeeble                 Hex            0%         N/A       100%        7
 Summon Hydra             Summ           0%         N/A       100%        7

Inventory:

Hand Weapons
 a - a +0 war axe (weapon) {axe}
 h - a +2 dagger of venom {short}
   (You took it off Jessica on level 3 of the Dungeon)
Armour
 b - a +0 scale mail (worn)
 c - a +0 buckler (worn)
 r - a +0 helmet (worn)
   (You found it on level 3 of the Dungeon)
 s - a +0 pair of boots (worn)
   (You found it on level 3 of the Dungeon)
Magical Staves
 n - a staff of air {staff}
   (You found it on level 3 of the Dungeon)
 x - a staff of alchemy {staff}
   (You found it on level 4 of the Dungeon)
Jewellery
 l - an amulet of guardian spirit (around neck)
   (You found it on level 1 of the Dungeon)
 t - a ring of wizardry (left hand)
   (You found it on level 3 of the Dungeon)
 w - a ring of willpower (right hand)
   (You found it on level 4 of the Dungeon)
Wands
 A - a wand of flame (3)
   (You found it on level 5 of the Dungeon)
Scrolls
 f - 2 scrolls of vulnerability {!r!r}
 g - a scroll of brand weapon
 m - 3 scrolls of teleportation {@r4}
 u - 2 scrolls of fog
 v - a scroll of immolation {!r!r}
 y - a scroll of amnesia
 z - 2 scrolls of enchant armour
Potions
 d - a potion of might
 e - a potion of degeneration {unknown}
 i - 2 potions of heal wounds {@q2}
 j - 2 potions of brilliance
 k - a potion of invisibility {unknown}
 o - 2 potions of curing {unknown}
 p - a potion of enlightenment {unknown}
 q - 2 potions of haste {unknown}

Dungeon Overview and Level Annotations

Branches:
Dungeon (5/15) Zot: 25835  Temple (0/1) D:4

Altars:
Gozag
Kikubaaqudgha
Xom

.........####......
........................
..............##.#......
..............#####....#
..............#........#
.........###........#...
........# ##.......## ..
........O###>.......# .
.........@..........###
......................#
...................##....
...................####..
##...................#. .
.<.......................
#.........#........##.###
#.###....##.#......###
#.....#####......#


You could see an ogre.


Message History

g - a scroll of brand weapon
As you read the scroll of identify {@r1}, it crumbles to dust.
m - 3 scrolls of teleportation
As you read the scroll of identify {@r1}, it crumbles to dust.
u - 2 scrolls of fog
As you read the scroll of identify {@r1}, it crumbles to dust.
v - a scroll of immolation The kobold hits you with a +0 dagger. 😕 HP[-2] MP[-1]
You take 2 damage, and now have 56/58 hp.
You lost 1 mp, and now have 6/7 mp.
You closely miss the kobold. The kobold hits you but does no damage.
You hit the kobold.
You kill the kobold!
No target in view!
No target in view!
No target in view!
No target in view!
No target in view!
No target in view!
No target in view!
No target in view!
No target in view!
You now have 494 gold pieces (gained 7).
You see here a +0 dagger {short}.
You now have 499 gold pieces (gained 5).
q - 2 sedimented white potions (gained 1)
e - a scroll of identify {@r1}
z - 2 scrolls labelled ATZARAEBUA 😎 HP[+2] MP[+1]
Your hp is fully restored (58).
Your mp is fully restored (7).
Key pressed, stopping explore.
You see here a +0 dagger {short}.
There is a stone staircase leading down here.
A quokka comes into view.
As you read the scroll of identify {@r1}, it crumbles to dust.
y - a scroll of amnesia
Okay, then.
You closely miss the quokka. The quokka closely misses you.
You slash the quokka!
You kill the quokka!
No target in view!
No target in view!
No target in view!
No target in view!
No target in view!
No target in view!
You now have 504 gold pieces (gained 5).
Key pressed, stopping explore.
Key pressed, stopping explore.
Done exploring.
What level of the Dungeon? (default 4, ? - help)
There is a stone staircase leading down here.
You climb downwards.
There is a stone staircase leading up here.
Found a stone staircase leading down.
e - a brown potion You now have 521 gold pieces (gained 17).
A - a scroll of identify {@r1}
As you read the scroll of identify {@r1}, it crumbles to dust.
z - 2 scrolls of enchant armour
Okay, then.
Unknown command.
You pick up a book of Misfortune and begin reading...
You add the spells Jinxbite, Yara's Violent Unravelling and Enfeeble to your library.
You pick up a Fen Folio and begin reading...
You add the spells Summon Forest, Eringya's Noxious Bog and Summon Hydra to your library.
Found a stone staircase leading down.
A - a wand of flame (3)
There is a stone staircase leading down here.
You now have 527 gold pieces (gained 6).
Found a stone staircase leading up.
An ogre comes into view. It is wielding a +0 giant club.
An ogre is nearby!
An ogre is nearby!
An ogre is nearby!
The ogre hits you with a +0 giant club. 😕 HP[-1]
You take 1 damage, and now have 57/58 hp.
You barely miss the ogre. You slash the ogre!
The ogre hits you with a +0 giant club! 😕 HP[-12] MP[-2]
You take 12 damage, and now have 45/58 hp.
MASSIVE DAMAGE!! (PAUSE)
You lost 2 mp, and now have 5/7 mp.
You hit the ogre. The ogre closely misses you.
You barely miss the ogre. You closely miss the ogre.
The ogre hits you with a +0 giant club!!
* * * LOW HITPOINT WARNING * * *
😨 HP[-28] MP[-3]
You take 28 damage, and now have 17/58 hp.
MASSIVE DAMAGE!! (PAUSE)
You lost 3 mp, and now have 2/7 mp.
You hit the ogre. The ogre barely misses you. 😨 HP[+1]
You hit the ogre.
The ogre hits you with a +0 giant club!!
You die...
Your body crumbles into a pile of gold.

Skill      XL: |  1  2  3  4  5  6  7 |
---------------+----------------------+-----
Axes           | 3 4 5 6 8 9 10 | 10.0
Fighting       | |  3.8
Armour         | |  3.2
Shields        | |  3.2

Action                     |  1- 3 |  4- 6 |  7- 9 || total
---------------------------+-------+-------+-------++-------
  Melee: War axe           |    88 |    83 |    88 ||   259
         Trident           |    76 |       |       ||    76
         Dagger            |       |     4 |       ||     4
    Use: Scroll            |     3 |     3 |     6 ||    12
         Potion            |       |     2 |       ||     2
 Armour: Scale mail        |   120 |    60 |    49 ||   229
  Dodge: Dodged            |    80 |    28 |    25 ||   133
  Block: Buckler           |    42 |    13 |     6 ||    61

Levels and vault maps discovered:
D:1:      onia_arrival_zoo_common, layout_basic
D:2:      layout_basic
D:3:      layout_loops_ring, gammafunk_temple_overflow_pools,
          kennysheep_jessica_study
D:4:      kennysheep_six_static_rooms, layout_cave_pools,
          lemuel_mausoleum_altar_kikubaaqudgha, minmay_temple_entry_junction,
          serial_glass, glass_columns_a, glass_columns_c, feat_on_display,
          item_on_display_a, item_on_display_a, due_unseen_surprise,
          uniq_duvessa
D:5:      layout_cave_pools, gammafunk_temple_overflow_statue,
          hangedman_glass_teeth, nicolae_shop_i_like_small_books_too

Notes
Turn   | Place    | Note
-------+----------+-------------------------------------------
     0 | D:1      | MackTheKnife the Mountain Dwarf Fighter began the quest for
                  | the Orb.
     0 | D:1      | Reached XP level 1. HP: 19/19 MP: 1/1
     0 | D:1      | magus.rc [v1.9.6]
     6 | D:1      | Noticed a komodo dragon
     6 | D:1      | Noticed a hound
     7 | D:1      | Noticed a swamp worm
     7 | D:1      | Noticed a mana viper
    75 | D:1      | Reached skill level 3 in Axes
    76 | D:1      | Reached XP level 2. HP: 26/26 MP: 2/2
   358 | D:1      | Reached skill level 4 in Axes
   995 | D:2      | Reached XP level 3. HP: 22/31 MP: 0/3
  1210 | D:2      | You pick up a book of Dreams and begin reading...
  1210 | D:2      | You add the spells Ensorcelled Hibernation, Fugue of the
                  | Fallen and Anguish to your library.
  1347 | D:2      | Reached skill level 5 in Axes
  1400 | D:2      | You pick up a book of Cantrips and begin reading...
  1400 | D:2      | You add the spells Sting, Necrotise, Summon Small Mammal
                  | and Apportation to your library.
  1966 | D:3      | You pick up a book of Movement and begin reading...
  1966 | D:3      | You add the spells Passwall, Volatile Blastmotes and
                  | Bombard to your library.
  2111 | D:3      | Found an opulent altar of Gozag.
  2111 | D:3      | Found a shimmering altar of Xom.
  2165 | D:3      | Reached XP level 4. HP: 13/38 MP: 4/4
  2191 | D:3      | Became a worshipper of Gozag Ym Sagoz the Greedy
  2321 | D:3      | Noticed Jessica
  2328 | D:3      | Killed Jessica
  2794 | D:4      | Reached skill level 6 in Axes
  2968 | D:4      | Noticed a scorpion
  2976 | D:4      | Killed a scorpion
  2977 | D:4      | Reached XP level 5. HP: 41/45 MP: 5/5
  3155 | D:4      | Noticed an ogre
  3162 | D:4      | Reached skill level 7 in Axes
  3168 | D:4      | Killed an ogre
  3169 | D:4      | Reached skill level 8 in Axes
  3169 | D:4      | Reached XP level 6. HP: 36/51 MP: 3/6
  3341 | D:4      | Noticed Dowan
  3342 | D:4      | Noticed Duvessa
  3357 | D:4      | Killed Duvessa
  3359 | D:4      | Killed Dowan
  3360 | D:4      | Reached skill level 9 in Axes
  3584 | D:4      | Reached XP level 7. HP: 57/57 MP: 7/7
  3602 | D:4      | Found an ancient bone altar of Kikubaaqudgha.
  3675 | D:4      | Reached skill level 10 in Axes
  3857 | D:4      | Found a staircase to the Ecumenical Temple.
  4018 | D:5      | Entered Level 5 of the Dungeon
  4055 | D:5      | You pick up a book of Misfortune and begin reading...
  4055 | D:5      | You add the spells Jinxbite, Yara's Violent Unravelling and
                  | Enfeeble to your library.
  4057 | D:5      | You add the spells Summon Forest, Eringya's Noxious Bog and
                  | Summon Hydra to your library.
  4095 | D:5      | Mangled by an ogre

Vanquished Creatures
  Duvessa (D:4)
  An ogre (D:4)
  2 scorpions (D:4)
  2 water moccasin zombies (D:4)
  Dowan (D:4)
  A human zombie (D:4)
  Jessica (D:3)
  2 scorpion zombies (D:4)
  2 hound zombies (D:4)
  4 adders
  2 howler monkey skeletons (D:4)
  An adder zombie (D:4)
  An adder skeleton (D:4)
  An orc (D:4)
  6 ball pythons
  4 bats
  5 endoplasms
  3 giant cockroaches
  4 goblins
  3 hobgoblins
  6 jackals
  8 quokkas
  4 frilled lizards
  A jackal zombie (D:4)
  12 kobolds
  4 rats
82 creatures vanquished.

Table legend:
 A = Non-vault XP
 B = Vault XP
 C = Vault XP percentage of total XP
 D = Non-vault monster count
 E = Vault monster count
 F = Vault count percentage of total count
                 A         B        C        D         E       F
            +---------+---------+-------+---------+---------+-------
      Total |     316 |     720 |  69.5 |      60 |      22 |  26.8
            +---------+---------+-------+---------+---------+-------
        D:1 |      40 |       0 |   0.0 |      24 |       0 |   0.0
        D:2 |      46 |       0 |   0.0 |      15 |       0 |   0.0
        D:3 |      30 |      39 |  56.5 |      12 |       2 |  14.3
        D:4 |     200 |     681 |  77.3 |       9 |      20 |  69.0
            +---------+---------+-------+---------+---------+-------

Skill      XL: |  1  2  3  4  5  6  7 |
---------------+----------------------+-----
Axes           | 3 4 5 6 8 9 10 | 10.0
Fighting       | |  3.8
Armour         | |  3.2
Shields        | |  3.2

Action                     |  1- 3 |  4- 6 |  7- 9 || total
---------------------------+-------+-------+-------++-------
  Melee: War axe           |    88 |    83 |    88 ||   259
         Trident           |    76 |       |       ||    76
         Dagger            |       |     4 |       ||     4
    Use: Scroll            |     3 |     3 |     6 ||    12
         Potion            |       |     2 |       ||     2
 Armour: Scale mail        |   120 |    60 |    49 ||   229
  Dodge: Dodged            |    80 |    28 |    25 ||   133
  Block: Buckler           |    42 |    13 |     6 ||    61

Illustrated notes

Table legend:
 A = Kills in this place as a percentage of kills in the entire game.
 B = Kills by you in this place as a percentage of kills by you in the entire game.
 C = Kills by friends in this place as a percentage of kills by friends in the entire game.
 D = Other kills in this place as a percentage of other kills in the entire game.
 E = Experience gained in this place as a percentage of experience gained in the entire game.
 F = Experience gained in this place divided by the number of levels of this place that you have seen.
                   A       B       C       D       E      F
               +-------+-------+-------+-------+-------+----------------------
         Total | 100.0 | 100.0 |   N/A |   N/A | 100.0 | 207.2
       Dungeon | 100.0 | 100.0 |   N/A |   N/A | 100.0 | 207.2
               +-------+-------+-------+-------+-------+----------------------

Table legend: (Time is in decaauts)
 A = Elapsed time spent in this place.
 B = Non-inter-level travel time spent in this place.
 C = Inter-level travel time spent in this place.
 D = Time resting spent in this place.
 E = Time spent auto-exploring this place.
 F = Levels seen in this place.
 G = Mean time per level.
                   A        B        C        D        E       F      G
               +--------+--------+--------+--------+--------+-----+--------+
         Total |   4163 |   4002 |    161 |    231 |   3095 |   5 |  832.6 |
       Dungeon |   4163 |   4002 |    161 |    231 |   3095 |   5 |  832.6 |
               +--------+--------+--------+--------+--------+-----+--------+

Top non-repeatable levels by time:
     D:4: 1248 daAuts
     D:1: 995 daAuts
     D:3: 922 daAuts
     D:2: 920 daAuts
     D:5: 77 daAuts
